 Dungeon Crawl Stone Soup version 0.25-a0-1079-g858b6a6ff6 (webtiles) character file.

Game seed: 6212372335247626013, levelgen mode: classic

47 Amnesiac the Cutter (level 3, 0/20 HPs)
             Began as a Vine Stalker Monk on May 16, 2020.
             Slain by an ogre
             ... wielding a +0 giant club
              (20 damage)
             ... on level 4 of the Dungeon.
             The game lasted 00:01:56 (358 turns).

Amnesiac the Cutter (Vine Stalker Monk)              Turns: 358, Time: 00:01:57

Health: 0/20       AC:  5    Str: 14    XL:     3   Next: 70%
Magic:  0/4        EV: 11    Int: 10    God:
Gold:   35         SH:  0    Dex: 16    Spells: 2/2 levels left

rFire    . . .     SeeInvis .   a - +1 short sword (protect)
rCold    . . .     Gourm    .   (no shield)
rNeg     . . .     Faith    .   i - +0 ring mail
rPois    .         Spirit   +   (no helmet)
rElec    .         Reflect  .   (no cloak)
rCorr    .         Harm     .   (no gloves)
MR       .....                  (no boots)
Stlth    ++........             (no amulet)
HPRegen  0.06/turn              (no ring)
MPRegen  0.09/turn              (no ring)

@: no status effects
A: fangs 2, magic shield, antimagic bite, no potion heal 3, rot immunity
a: no special abilities


You were on level 4 of the Dungeon.
You were not hungry.

You visited 1 branch of the dungeon, and saw 4 of its levels.

You collected 35 gold pieces.

Inventory:

Hand Weapons
 a - a +1 short sword of protection (weapon)
Missiles
 e - 5 curare-tipped darts (quivered)
 g - 5 poisoned darts
Armour
 i - a +0 ring mail (worn)
Jewellery
 j - an uncursed ring of protection from fire {unknown}
Scrolls
 b - a scroll of teleportation {!r, unknown}
 h - a scroll of remove curse {!r, unknown}
Potions
 d - a potion of curing {!q, unknown}
Comestibles
 c - 4 rations
 f - 10 chunks of flesh


   Skills:
 - Level 3.0 Fighting
 * Level 3.5 Short Blades
 + Level 2.4 Dodging
 + Level 3.4 Stealth


You had 2 spell levels left.
You didn't know any spells.
Your spell library was empty.

Dungeon Overview and Level Annotations

Branches:
Dungeon (4/15)
 Temple: D:4-7

Altars:


Innate Abilities, Weirdness & Mutations

You have extremely sharp teeth.
When hurt, damage is shared between your health and your magic reserves.
Your bite disrupts and absorbs the magic of your enemies.
Potions cannot restore your health.
You are immune to rotting.


Message History

You now have 35 gold pieces (gained 12).
A jackal comes into view.
The jackal barks!
You hear a bark!
A jackal comes into view.
There are monsters nearby!
A jackal comes into view.
The jackal barks!
You hit the jackal but do no damage.
Your weapon exudes an aura of protection.
The jackal closely misses you.
You hit the jackal.
You kill the jackal!
You hit the jackal.
The jackal is almost dead.
The jackal bites you but does no damage.
You hit the jackal.
You kill the jackal!
The jackal barely misses you.
Your ring mail prevents you from hitting the jackal.
The jackal misses you.
You barely miss the jackal. The jackal barely misses you.
You barely miss the jackal.
The jackal bites you but does no damage.
The jackal misses you.
You hit the jackal. You bite the jackal, but do no damage.
The jackal is almost dead.
The jackal closely misses you.
You hit the jackal.
You kill the jackal!
Things that are here:
a jackal corpse x3
You butcher the jackal corpse.
f - 10 chunks of flesh (gained 1)
You butcher the jackal corpse.
f - 11 chunks of flesh (gained 1)
You butcher the jackal corpse.
f - 13 chunks of flesh (gained 2)
Things that are here:
a jackal skeleton x3
Things that are here:
a jackal skeleton x3
Some of the chunks of flesh in your inventory have rotted away.
Found a flail.
Found a mace.
Found a stone staircase leading down.
c - 4 rations (gained 1)
Found 18 stones. 2 orcs come into view.
An orc comes into view. It is wielding a +0 war axe.
The orc shouts!
You hear a shout!
You hear a bark!
A centaur skeleton comes into view.
An orc comes into view. It is wielding a +0 club.
The orc shouts! x2
You see here a flail.
Quiver which item? (- for none, * to show all) (? for menu, Esc to quit)
Okay, then.
Throwing (i - inventory. (/) - cycle)
e - 6 curare-tipped darts (quivered)
Press: ? - help, Shift-Dir - straight line, f - ogre
Aim: an ogre, wielding a +0 giant club You throw a curare-tipped dart.
The curare-tipped dart closely misses the ogre.
The ogre hits you with a +0 giant club!!
Ouch! That really hurt!
You die...

############
#.ZO@.....>#
#.########.##
#########.#### ##...##
#....รท...Z...###.###.##
#.#######........# #..#
#.# #..#.###.###..# #.#
#).#.....)....# #.#
#o.#####.###..# #.# #..#
#......######


You could see an ogre and a centaur skeleton.

Vanquished Creatures
  3 adders
  2 leopard geckos (D:3)
  3 bats
  A giant cockroach (D:3)
  A goblin (D:3)
  A hobgoblin (D:3)
  3 jackals (D:4)
  2 kobolds
  A frilled lizard (D:3)
  A leopard gecko skeleton (D:4)
18 creatures vanquished.

Notes
Turn   | Place    | Note
-------+----------+-------------------------------------------
     0 | D:1      | Amnesiac the Vine Stalker Monk began the quest for the Orb.
     0 | D:1      | Reached XP level 1. HP: 11/11 MP: 2/2
    63 | D:3      | Reached XP level 2. HP: 16/16 MP: 3/3
   175 | D:3      | Reached XP level 3. HP: 18/19 MP: 4/4
   257 | D:4      | Noticed an ogre
   358 | D:4      | Slain by an ogre

Illustrated notes

Levels and vault maps discovered:
D:1:      evilmike_arrival_crescent, layout_loops_ring, serial_bayou_crossing
D:2:      layout_loops_ring, lemuel_old_faithful
D:3:      layout_loops_ring, first_ration, grunt_ministairs_14,
          minmay_misc_feat_more_columns, minmay_pentomino_pile
D:4:      layout_loops_ring

Skill      XL: |  1  2  3 |
---------------+----------+-----
Short Blades   | 3 |  3.5
Stealth        | 3 |  3.4
Fighting       | 3 |  3.0
Dodging        | |  2.4

Action                   || total
-------------------------++-------
Melee: Short sword       ||    45
       Bite              ||    10
Throw: Dart              ||     8
 Stab: Sleeping          ||     2
Armor: Robe              ||     7
       Ring mail         ||    14
Dodge: Dodged            ||    24

Table legend:
 A = Non-vault XP
 B = Vault XP
 C = Vault XP percentage of total XP
 D = Non-vault monster count
 E = Vault monster count
 F = Vault count percentage of total count
                 A         B        C        D         E       F
            +---------+---------+-------+---------+---------+-------
      Total |      68 |       0 |   0.0 |      18 |       0 |   0.0
            +---------+---------+-------+---------+---------+-------
        D:1 |       2 |       0 |   0.0 |       1 |       0 |   0.0
        D:2 |       2 |       0 |   0.0 |       1 |       0 |   0.0
        D:3 |      44 |       0 |   0.0 |      11 |       0 |   0.0
        D:4 |      20 |       0 |   0.0 |       5 |       0 |   0.0
            +---------+---------+-------+---------+---------+-------
